 BcadrenCrawl: Boulder Brew version 0.06-744-gf22570f5e0 (webtiles) character file.

Game seed: 10599858022101221961

282 LabCoat the Skirmisher (level 6, -3/79 HPs) Hill Orc Fighter. Began on Mar 5, 2023. Splashed by a jelly's acid (8 damage) ... on level 2 of the Dungeon on Mar 6, 2023. The game lasted 00:09:23 (1832 turns).

LabCoat the Skirmisher (Hill Orc Fighter)           Turns: 1832, Time: 00:09:25

Health: -3/79      AC: -8    Str: 21    XL:     6 ^: 214
Magic:  6/6        EV: 12    Int:  8    God:
Gold:   94         SH:  7    Dex: 10    Spells: 5/5 levels left

rFire    . . .     Slash    .   a - +0 war axe
rCold    . . .     Pierce   .   c - +0 heater shield
rNeg     . . .     Bludgeon .   j - +0 chain mail
rCorr    . . .     Vision   .   e - +2 hat
rPois    .         Gourm    .   (no cloak)
rElec    .         Faith    .   (no gloves)
MR       .....     Spirit   .   (no boots)
HPRegen  0.36/turn Reflect  .   (no amulet)
MPRegen  0.16/turn Harm     .   l - ring of evasion
Stlth    ..........             (no ring)

@: about to teleport, corroded, berserk cooldown, slowed, very slow
A: soft flesh
a: no special abilities


You were on level 2 of the Dungeon.
You were not hungry.

You visited 1 branch of the dungeon, and saw 2 of its levels.

You collected 94 gold pieces.

Inventory:

Weapons
 a - a +0 war axe (weapon) Shields
 c - a +0 heater shield (shield)
Armour
 b - a +0 scale mail
 e - a +2 hat (worn)
 j - a +0 chain mail (worn)
Jewellery
 h - an uncursed amulet of faith
 k - a cursed ring of dexterity {(Curse: MP-9)}
 l - a ring of evasion (left hand)
Scrolls
 m - 3 scrolls of random uselessness
 p - a scroll of fog
Potions
 d - a potion of might
 n - 2 potions of mutation
Comestibles
 f - 5 rations
 g - a chunk of flesh


   Skills:
 * Level 5.2 Fighting
 * Level 4.8 Axes & Hammers
 + Level 4.0 Armour
 + Level 1.3 Dodging
 * Level 4.6 Shields


You had 5 spell levels left.
You didn't know any spells.
Your spell library was empty.

Dungeon Overview and Level Annotations

Branches:
Dungeon (2/8)

Altars:


Innate Abilities, Weirdness & Mutations

((Your soft flesh is weak to deep cuts.
Heavy manmade armour will nullify this weakness. (rSlashing-)))


Message History

You feel strangely unstable.
The cinder newt bites the slimehead.
The cinder newt burns the slimehead (3).
The jelly hits you (1).
You are splashed with acid (7)!
* * * LOW HITPOINT WARNING * * *
You block the jelly's attack.
The cinder newt bites the slimehead.
The cinder newt burns the slimehead (3).
Okay, then.
You hit the jelly but do no damage.
Your hands burn (3).
* * * LOW HITPOINT WARNING * * *
The jelly is severely wounded. (7/25) HP The cinder newt bites the slimehead.
The cinder newt burns the slimehead (3).
The jelly hits you (3).
* * * LOW HITPOINT WARNING * * *
The acid corrodes you!
You are splashed with acid (7)!
* * * LOW HITPOINT WARNING * * *
The jelly hits you (3).
* * * LOW HITPOINT WARNING * * *
The acid corrodes you!
You are splashed with acid (8)!
You die...

.≈###..# ####≈..#
#≈≈≈≈≈≈≈≈ .≈##≈≈##
#≈≈≈≈≈.. .####≈.#
#≈≈≈≈≈.. ....≈.≈#
#.≈≈≈≈.. ≈.≈..###
≈#≈...b.# .. #.#.≈#
#≈.#.≈≈..≈# ....
######..≈...≈≈≈≈J## ≈..≈.
######≈#....≈≈≈≈@;##..#.#
≈.....≈≈≈...≈≈≈≈.}l≈...≈≈
≈≈.≈≈.≈≈≈≈≈.≈≈≈≈.≈≈≈≈.≈≈≈
≈≈.≈≈≈≈≈≈≈≈.≈≈≈≈.≈≈≈..≈≈≈
≈..≈≈.≈≈≈≈≈......≈≈≈.≈≈≈§
..≈≈...≈≈≈≈.≈.≈≈.≈≈≈≈..≈≈
≈≈...≈≈≈≈≈≈≈≈.;≈.≈≈≈≈≈..≈
≈≈.≈≈≈≈.≈≈≈≈≈≈≈..≈≈≈≈≈≈.≈
....÷.....≈≈≈≈≈≈..)≈≈≈...


You could see a jelly, a submerged cinder newt and 2 neutral slimeheads
(passive).

Vanquished Creatures
  3 jellies (D:2)
  6 giant cockroaches
  2 adders (D:2)
  3 sewer rats (D:2)
  A worm (D:2)
  4 cinder newts
  A bullfrog (D:2)
  3 oozes (D:2)
  3 dart slugs (D:1)
  2 leopard geckos (D:1)
  4 goblins (D:1)
  2 hobgoblins (D:1)
  3 kobolds (D:1)
  A hobgoblin skeleton (D:2)
  3 rats (D:1)
  A rat skeleton (D:2)
42 creatures vanquished.

Vanquished Creatures (others)
  A jelly (D:2)
  A giant cockroach (D:2)
  2 sewer rats (D:2)
  A leopard gecko (D:2)
  2 ball pythons (D:2)
  3 kobolds (D:2)
  A bat (D:2)
  A bat skeleton (D:2)
  3 slimeheads (D:2)
  109 withered plants (D:2)
124 creatures vanquished.

Grand Total: 166 creatures vanquished

Notes
Turn   | Place    | Note
-------+----------+-------------------------------------------
     0 | D:1      | LabCoat the Hill Orc Fighter began the quest for the Orb.
     0 | D:1      | Reached XP level 1. HP: 29/29 MP: 1/1
   156 | D:1      | Reached XP level 2. HP: 39/39 MP: 2/2
   463 | D:1      | Reached skill level 4 in Fighting
   463 | D:1      | Reached XP level 3. HP: 49/49 MP: 3/3
   490 | D:1      | Reached XP level 4. HP: 58/59 MP: 4/4
  1035 | D:2      | Reached skill level 1 in Dodging
  1035 | D:2      | Reached XP level 5. HP: 59/69 MP: 5/5
  1428 | D:2      | Reached skill level 5 in Fighting
  1549 | D:2      | Reached XP level 6. HP: 16/79 MP: 6/6
  1832 | D:2      | Splashed by a jelly's acid

Illustrated notes

Levels and vault maps discovered:
D:1:      sevenhm_arrival_forest_fort_large_2, layout_basic, corner_web_ring,
          item_on_display_merged, portal_sewer_entry_f
D:2:      layout_sewer, first_ration, minmay_heptomino_o4, uniq_purgy

Skill      XL: |  1  2  3  4  5 |
---------------+----------------+-----
Axes & Hammers | 3 4 |  4.8
Fighting       | 4 5 |  5.2
Shields        | 4 |  4.6
Dodging        | 1 |  1.3
Armour         | 4 |  4.0

Action                   |  1- 3 |  4- 6 || total
-------------------------+-------+-------++-------
Melee: War axe           |    25 |   135 ||   160
Throw: Stone             |       |    29 ||    29
       Rusty metal       |       |    19 ||    19
       Bone              |       |    12 ||    12
       Skull             |       |    12 ||    12
  Use: Potion            |       |     4 ||     4
       Scroll            |       |     1 ||     1
  Eat: Chunk             |       |     3 ||     3
Armor: Chain mail        |    11 |    76 ||    87
       Scale mail        |     2 |       ||     2
Dodge: Dodged            |     5 |    46 ||    51
Block: Heater shield     |     7 |    52 ||    59
